 Dungeon Crawl Stone Soup version 0.18-a0-1685-g4482fe3 (webtiles) character file.

72 namelastname112 the Skirmisher (level 4, -18/38 HPs)
             Began as a Draconian Warper on Apr 4, 2016.
             Blown up by a kobold (21 damage)
             ... with a wand of disintegration
             ... on level 3 of the Dungeon.
             The game lasted 00:10:28 (2651 turns).

namelastname112 the Skirmisher (Draconian Warper)   Turns: 2651, Time: 00:10:29

Health: -18/38     AC:  5    Str: 14    XL:     4   Next: 7%
Magic:  7/7        EV: 18    Int: 13    God:
Gold:   207        SH:  2    Dex: 16    Spells: 1 memorised, 6 levels left

rFire  + . .     SeeInvis .     a - +0 falchion
rCold  + . .     Gourm    .     (armour unavailable)
rNeg   . . .     Faith    .     (no shield)
rPois  +         Spirit   .     (helmet restricted)
rElec  +         Dismiss  .     (no cloak)
rCorr  +         Reflect  +     (no gloves)
SustAt .         Harm     .     (no boots)
MR     .....                    r - +2 amulet of reflection
Stlth  ++........               (no ring)
                                (no ring)

@: agile, lethally poisoned (-18 -> -21), resistant, flying, not resistant to
hostile enchantments, unstealthy
A: unfitting armour, cold-blooded, AC +5
a: no special abilities


You were on level 3 of the Dungeon.
You were hungry.

You visited 1 branch of the dungeon, and saw 3 of its levels.

You collected 207 gold pieces.

Inventory:

Hand Weapons
 a - a +0 falchion (weapon)
Missiles
 d - 3 tomahawks of dispersal (quivered)
 i - 68 arrows
Jewellery
 r - a +2 amulet of reflection (around neck)
Scrolls
 c - 2 scrolls of blinking
 e - 4 scrolls of identify {unknown}
 k - a scroll of remove curse {unknown}
 m - a scroll of teleportation {unknown}
 o - a scroll of random uselessness {unknown}
 t - a scroll of noise {unknown}
 u - a scroll of recharging {unknown}
Potions
 h - a potion of flight
 j - a potion of mutation {unknown}
 n - a potion of curing {unknown}
 w - a potion of resistance
Books
 b - a book of Spatial Translocations

   Spells                             Type                      Level
   a - Apportation                    Translocation                1
   b - Blink                          Translocation                2
   c - Shroud of Golubria             Charms/Translocation         2
   d - Portal Projectile              Translocation                3
   e - Teleport Other                 Translocation                3
   f - Passage of Golubria            Translocation                4
Comestibles
 f - 3 bread rations
 g - a slice of pizza
 p - a meat ration


   Skills:
 + Level 3.2 Fighting
 + Level 2.9 Long Blades
 - Level 0.8 Throwing
 + Level 3.0 Dodging
 - Level 2.0 Spellcasting
 - Level 3.0 Translocations


You had 6 spell levels left.
You knew the following spells:

 Your Spells              Type           Power        Failure   Level  Hunger
a - Apportation           Tloc           #.........   10%         1    ##.....


Dungeon Overview and Level Annotations

Branches:
Dungeon (3/15)

Altars:


Innate Abilities, Weirdness & Mutations

Your plain brown scales are hard (AC +5).
Your body does not fit into most forms of armour.
You are cold-blooded and may be slowed by cold attacks.


Message History

Drink which item? (? for menu, Esc to quit)
It was a potion of flight.
You feel very buoyant.
You fly up into the air.
* * * LOW HITPOINT WARNING * * *
You feel sick. The kobold hits you but does no damage.
Drink which item? (? for menu, Esc to quit)
It was a potion of resistance.
You feel protected. The kobold misses you.
Drink which item? (? for menu, Esc to quit)
It was a potion of agility.
You feel agile all of a sudden. The kobold barely misses you.
Drink which item? (? for menu, Esc to quit)
It was a potion of magic.
Magic courses through your body.
* * * LOW HITPOINT WARNING * * *
You feel sick.
The kobold zaps a wand.
You are blasted!
Ouch! That really hurt!
You die...

..... #.# .#
..)..####'##
.####
...........#
....#
#........#
....#
#........# #...
#........###.#
#.........S...#
#.########.#..#
#....@KS.#..#
##.#######..#
#..##########
#............
#.###########
#.#
#.###########
#............
#############


You could see an adder and a kobold.

Vanquished Creatures
  An adder (D:2)
  An ooze (D:2)
  2 worms
  2 dart slugs
  A giant gecko (D:2)
  An orc (D:3)
  2 ball pythons
  2 bats (D:2)
  3 giant cockroaches (D:2)
  7 hobgoblins
  9 kobolds
  A quokka (D:2)
  4 giant newts
  3 goblins
  6 rats
45 creatures vanquished.

Notes
Turn   | Place    | Note
--------------------------------------------------------------
     0 | D:1      | namelastname112 the Draconian Warper began the quest for the Orb.
     0 | D:1      | Reached XP level 1. HP: 17/17 MP: 3/3
   150 | D:1      | Reached XP level 2. HP: 10/25 MP: 5/5
  1039 | D:2      | Reached XP level 3. HP: 30/30 MP: 6/6
  2403 | D:3      | Reached XP level 4. HP: 23/38 MP: 7/7
  2651 | D:3      | Blown up by a kobold

Vault maps used:
D:1:      minmay_arrival_cross
D:2:      first_bread, kennysheep_generic_room_5

Skill      XL: |  1  2  3 |
---------------+----------+-----
Fighting       | 3 |  3.2
Dodging        | 3 |  3.0
Long Blades    | |  2.9
Throwing       | |  0.8
Spellcasting   | |  2.0
Translocations | |  3.0

Action                   |  1- 3 |  4- 6 || total
-------------------------+-------+-------++-------
Melee: Falchion          |   144 |     8 ||   152
Throw: Tomahawk          |       |     2 ||     2
  Use: Potion            |       |     7 ||     7
 Stab: Sleeping          |     1 |     1 ||     2
       Distracted        |       |     1 ||     1
  Eat: Chunk             |     5 |       ||     5
